Map: Donnervogel LE

Players

Yahoooo

  • Race: Protoss Protoss
  • League: Master
  • Spawn Location: 5:00

GiveFeedback - Winner!

  • Race: Terran Terran
  • League: Master
  • Spawn Location: 11:00

VOD

Have the link to the VOD?

Description

Time

  • Played on: Oct. 16, 2019, 2:33 p.m.
  • Length: 12:48
Show
View Real Time Build Order
Export as new Build Order

Yahoooo Protoss 

Build Orders: 1 Gate Expand, Oracle Opening, Colossus Rush 

Get SALT Encoding   

  12  0:02  Probe  
  13  0:14  Probe  
  13  0:19  Pylon  
  14  0:26  Probe  
  15  0:38  Gateway, Probe (Chrono Boost)  
  16  0:49  Probe (Chrono Boost), Assimilator  
  17  0:54  Probe (Chrono Boost)  
  18  1:05  Probe  
  19  1:17  Probe  
  20  1:24  Nexus  
  20  1:33  Cybernetics Core  
  20  1:36  Probe  
  21  1:45  Pylon  
  21  1:49  Assimilator  
  21  1:52  Probe  
  22  2:04  Probe (Chrono Boost)  
  22  2:07  Adept (Chrono Boost)  
  23  2:11  Warp Gate  
  26  2:15  Probe (Chrono Boost)  
  26  2:20  Probe (Chrono Boost)  
  27  2:30  Probe  
  27  2:31  Adept  
  30  2:37  Probe  
  30  2:43  Probe  
  31  2:50  Probe (Chrono Boost)  
  32  2:53  Stargate  
  32  2:55  Probe (Chrono Boost)  
  35  3:06  Probe (Chrono Boost)  
  35  3:07  Probe (Chrono Boost), Robotics Facility  
  35  3:11  Probe (Chrono Boost)  
  36  3:13  Probe (Chrono Boost)  
  37  3:21  Probe  
  37  3:25  Probe  
  39  3:32  Pylon  
  39  3:33  Oracle (Chrono Boost), Probe  
  40  3:36  Assimilator  
  40  3:37  Probe  
  44  3:45  Pylon, Probe  
  45  3:49  Probe  
  45  3:50  Assimilator  
  46  3:57  Probe  
  46  4:01  Probe  
  46  4:02  Immortal  
  52  4:09  Probe  
  53  4:15  Gateway  
  53  4:16  Gateway  
  53  4:18  Gateway  
  53  4:19  Robotics Bay  
  53  4:23  Stalker  
  55  4:30  Pylon  
  55  4:44  Pylon  
  55  4:48  Forge, Stalker  
  55  4:51  Probe x2  
  59  5:03  Probe  
  59  5:06  Colossus (Chrono Boost)  
  66  5:08  Extended Thermal Lance  
  66  5:15  Pylon  
  66  5:16  Stalker x2  
  68  5:27  Nexus  
  66  5:30  Pylon, Sentry  
  66  5:32  Stalker  
  70  5:43  Pylon  
  70  5:45  Protoss Ground Weapons Level 1 (Chrono Boost)  
  70  5:47  Forge, Probe  
  70  5:49  Probe  
  72  5:58  Observer (Chrono Boost)  
  72  6:02  Sentry x2  
  72  6:04  Zealot x2  
  79  6:07  Probe  
  79  6:10  Pylon  
  82  6:27  Protoss Ground Armor Level 1 (Chrono Boost)  
  82  6:31  Photon Cannon  
  82  6:34  Pylon  
  82  6:35  Observer  
  82  6:37  Photon Cannon  
  82  6:39  Photon Cannon  
  82  6:41  Probe  
  82  6:43  Zealot x4  
  82  6:45  Photon Cannon  
  85  6:58  Colossus (Chrono Boost)  
  85  6:59  Probe  
  90  7:05  Stalker x2  
  90  7:07  Probe  
  90  7:08  Probe  
  93  7:11  Probe  
  93  7:20  Probe (Chrono Boost)  
  95  7:23  Probe (Chrono Boost)  
  95  7:29  Probe (Chrono Boost)  
  96  7:32  Probe (Chrono Boost)  
  96  7:36  Probe (Chrono Boost)  
  98  7:37  Twilight Council  
  98  7:39  Probe (Chrono Boost), Sentry  
  98  7:40  Probe, Sentry  
  98  7:42  Colossus (Chrono Boost)  
  98  7:44  Probe  
  105  7:49  Probe  
  112  7:58  Probe x2  
  114  8:02  Probe  
  114  8:04  Zealot x4  
  114  8:05  Protoss Ground Weapons Level 2 (Chrono Boost)  
  123  8:07  Assimilator  
  123  8:10  Probe, Assimilator  
  124  8:18  Probe  
  125  8:23  Charge  
  125  8:24  Gateway  
  125  8:27  Gateway x2  
  125  8:28  Gateway  
  125  8:34  Pylon  
  125  8:35  Pylon  
  125  8:37  Warp Prism (Chrono Boost)  
  125  8:39  Pylon  
  127  8:46  Probe x3  
  127  8:48  Templar Archives  
  130  8:51  Pylon  
  130  9:10  Zealot x4  
  131  9:31  Stalker  
  131  9:34  Pylon  
  131  9:36  Pylon  
  131  9:37  Pylon  
  131  9:38  Pylon  
  131  9:41  Stalker  
  131  9:51  Stalker x2  
  131  9:52  Stalker x2  
  133  9:53  Probe, High Templar x2  
  138  10:00  Archon  
  138  10:02  Protoss Ground Armor Level 2 (Chrono Boost)  
  138  10:04  Blink  
  138  10:07  Nexus  
  138  10:09  Pylon  
  138  10:26  Pylon  
  138  10:27  High Templar x4  
  138  10:28  High Templar  
  148  10:29  Zealot x3  
  148  10:31  Archon x2  
  119  10:50  Zealot x3  
  98  11:02  High Templar  
  98  11:03  Zealot  
  61  11:33  Disruptor (Chrono Boost)  
  61  11:39  Stalker x3  
  70  11:40  Zealot x2  
  74  11:59  Disruptor (Chrono Boost)  
  74  12:01  Zealot x5  
  87  12:15  Assimilator, Stalker x3  
  95  12:44  Nexus  
Show
View Real Time Build Order
Export as new Build Order

GiveFeedback Terran - Winner!

Build Orders: Reaper Expand, Banshee Rush 

Get SALT Encoding   

  12  0:03  SCV  
  13  0:15  SCV  
  13  0:18  Supply Depot  
  14  0:27  SCV  
  15  0:40  SCV  
  16  0:47  Barracks  
  16  0:51  Refinery  
  16  0:52  SCV  
  18  1:04  SCV  
  18  1:16  SCV  
  19  1:36  Orbital Command  
  19  1:37  Reaper  
  20  1:42  Command Center  
  20  2:00  Supply Depot  
  20  2:01  SCV  
  21  2:09  Marine  
  21  2:14  SCV  
  23  2:17  Factory  
  23  2:19  Refinery  
  23  2:26  SCV  
  23  2:28  Barracks Reactor  
  24  2:38  SCV  
  25  2:50  SCV  
  26  2:54  Orbital Command  
  26  3:01  Starport  
  26  3:02  SCV  
  27  3:12  Barracks Tech Lab, Hellion x2  
  31  3:14  SCV  
  32  3:20  SCV  
  32  3:24  Supply Depot  
  32  3:26  SCV  
  33  3:32  SCV  
  33  3:33  Widow Mine x2  
  38  3:38  SCV  
  39  3:43  Cloaking Field  
  39  3:44  Viking, SCV  
  39  3:45  Marine  
  43  3:50  SCV  
  44  3:56  Supply Depot, SCV  
  45  4:02  SCV  
  45  4:08  Hellion x2  
  45  4:09  SCV  
  51  4:15  SCV  
  52  4:18  Banshee  
  52  4:21  SCV  
  56  4:26  Barracks Tech Lab  
  56  4:27  SCV  
  56  4:31  Barracks x2  
  57  4:32  Refinery  
  57  4:33  Supply Depot, SCV  
  58  4:39  SCV  
  58  4:42  Engineering Bay  
  58  4:45  Factory Tech Lab, SCV  
  60  4:46  Stimpack  
  60  4:51  SCV  
  61  4:52  Supply Depot  
  61  4:53  Supply Depot  
  61  4:55  Marauder  
  61  4:57  SCV  
  64  5:03  SCV  
  68  5:10  Siege Tank, SCV  
  69  5:16  SCV, Starport Reactor  
  70  5:24  SCV  
  70  5:35  SCV  
  70  5:40  Barracks, Engineering Bay  
  70  5:41  Barracks, Engineering Bay  
  71  5:42  Refinery  
  71  5:43  Command Center  
  71  5:45  Combat Shield  
  71  5:47  Marine x2  
  71  5:49  Marauder  
  75  5:50  Marauder  
  75  5:53  SCV  
  78  5:57  SCV  
  79  6:05  SCV  
  79  6:07  Missile Turret  
  79  6:08  Missile Turret  
  79  6:09  Terran Infantry Armor Level 1, Terran Infantry Weapons Level 1  
  81  6:11  SCV  
  81  6:17  Marine x2  
  81  6:18  SCV  
  84  6:26  SCV  
  85  6:34  Barracks Tech Lab, Barracks Reactor, Supply Depot  
  85  6:35  Supply Depot, SCV  
  86  6:49  SCV x2  
  86  6:50  Marauder  
  86  6:51  Marine x2  
  86  6:53  Siege Tank  
  84  6:57  Marine x2  
  84  6:59  SCV  
  87  7:01  SCV x2  
  89  7:09  Marine x2  
  89  7:10  Medivac x2  
  89  7:11  Marauder  
  89  7:13  SCV  
  97  7:15  Marauder  
  97  7:16  SCV  
  97  7:17  Marauder, Refinery, Marine x2  
  97  7:18  Refinery  
  97  7:22  Missile Turret  
  102  7:25  SCV  
  102  7:28  SCV, Missile Turret  
  104  7:30  Supply Depot  
  104  7:32  Supply Depot  
  104  7:38  Supply Depot, Armory, SCV  
  104  7:39  Missile Turret  
  104  7:42  SCV  
  104  7:43  Missile Turret  
  106  7:45  Orbital Command  
  106  7:46  Marine x2  
  106  7:47  Marauder  
  106  7:50  Medivac, SCV  
  113  7:53  Marine x2  
  113  7:54  SCV  
  113  7:56  Concussive Shells  
  113  7:58  Marine x2  
  118  8:01  Siege Tank  
  122  8:05  Marine  
  122  8:06  Marine  
  122  8:11  Marine x2  
  127  8:16  Marauder  
  127  8:17  Supply Depot, Marine x2  
  127  8:18  Supply Depot  
  127  8:19  Supply Depot  
  129  8:27  Terran Infantry Weapons Level 2  
  129  8:31  Terran Infantry Armor Level 2  
  129  8:32  Marine  
  130  8:34  Command Center  
  130  8:35  Marine x2  
  132  8:43  Marine  
  132  8:44  Marauder, Marine  
  132  8:47  Medivac x2  
  140  8:50  Terran Ship Weapons Level 1  
  140  8:51  Starport x2  
  140  8:52  Marine x2  
  142  8:56  Marine x2  
  142  9:01  Marine x2  
  146  9:03  SCV  
  146  9:06  Marauder  
  146  9:08  Siege Tank  
  146  9:09  SCV  
  153  9:10  Marine x2  
  153  9:16  Marine x2  
  156  9:20  Marauder, SCV  
  156  9:22  Marine  
  150  9:24  Viking x2  
  150  9:26  Marine  
  150  9:27  Marine  
  150  9:28  Marauder, SCV  
  150  9:30  Starport Tech Lab, Starport Reactor  
  159  9:33  SCV  
  159  9:34  Marine x2  
  161  9:39  Marine  
  161  9:41  Marauder  
  161  9:44  Marine  
  161  9:45  Marine  
  162  9:49  Marauder  
  162  9:52  Marine x2  
  154  9:54  Viking  
  154  9:57  Marine  
  157  10:00  Viking x2  
  157  10:02  Marine  
  157  10:03  Marauder, SCV, Marine  
  157  10:04  Factory Reactor  
  166  10:07  Viking  
  166  10:09  Marine  
  166  10:10  Marine  
  166  10:11  Marauder  
  166  10:14  Viking  
  174  10:15  Marine  
  174  10:17  Planetary Fortress  
  174  10:20  Marine  
  174  10:21  Marine  
  176  10:24  Marauder  
  176  10:26  Supply Depot  
  176  10:27  Supply Depot  
  179  10:29  Marine  
  180  10:35  Marine  
  180  10:37  Viking  
  180  10:38  Medivac, Viking  
  180  10:39  Marine x2  
  180  10:40  Marauder  
  180  10:42  Viking, Marine  
  178  10:44  Viking  
  178  10:45  Marine  
  178  10:48  Marine  
  153  10:51  SCV  
  153  10:53  Marine  
  153  10:54  SCV  
  153  10:56  Marine  
  127  11:05  Widow Mine x2, Marauder, Marine x2  
  127  11:07  Viking  
  127  11:08  Viking x2  
  131  11:12  Viking  
  131  11:13  SCV  
  132  11:19  Liberator  
  132  11:20  Ghost Academy, Marine x2  
  132  11:21  Marauder  
  132  11:23  Medivac  
  135  11:27  SCV x3  
  136  11:32  Fusion Core  
  136  11:39  SCV x2  
  141  11:40  SCV  
  141  11:41  SCV  
  143  11:50  Marine  
  143  11:51  Marauder  
  146  11:58  Ghost  
  148  12:05  Refinery  
  148  12:06  Refinery  
  148  12:08  Marine x2  
  153  12:09  Marine x2  
  153  12:13  Supply Depot  
  155  12:21  Command Center  
  157  12:25  Marine  
Tags
 
Add a new tag
Caveats
  • Supply blocks, unpowered buildings, or Contaminate may cause inaccurate times.
  • Supply counts are checked every 10 seconds.